 Dungeon Crawl Stone Soup version 0.20-a0-1116-gaa52201 (webtiles) character file.

83 MydosGodOfBeginnings the Changer (level 4, -21/35 HPs)
             Began as a Draconian Transmuter on May 7, 2017.
             Demolished by an orc warrior
             ... wielding a +0 glaive
              (23 damage)
             ... on level 3 of the Dungeon.
             The game lasted 00:07:16 (1908 turns).

MydosGodOfBeginnings the Changer (DrTm)             Turns: 1908, Time: 00:07:16

Health: -21/35     AC:  2    Str: 12    XL:     4   Next: 22%
Magic:  6/8        EV: 19    Int: 15    God:
Gold:   148        SH:  0    Dex: 16    Spells: 3/9 levels left

rFire    . . .     SeeInvis .     - Unarmed
rCold    . . .     Gourm    .   (shield currently unavailable)
rNeg     . . .     Faith    .   (armour unavailable)
rPois    x         Spirit   .   (helmet currently unavailable)
rElec    .         Reflect  .   (cloak currently unavailable)
rCorr    .         Harm     .   (gloves currently unavailable)
MR       .....                  (boots currently unavailable)
Stlth    +.........             (no amulet)
Regen    0.2/turn               (no ring)
MPRegen  0.2/turn               (no ring)

@: lethally poisoned (-21 -> -30), spider-form
A: unfitting armour, AC +5
a: End Transformation


You were on level 3 of the Dungeon.
You were very hungry.
You were a venomous arachnid creature.
You visited 1 branch of the dungeon, and saw 3 of its levels.

You collected 148 gold pieces.

Inventory:

Missiles
 a - 45 arrows
Armour
 l - a +1 cloak (melded)
Scrolls
 d - 2 scrolls of recharging {unknown}
 e - 6 scrolls of identify {unknown}
 h - 4 scrolls of remove curse {unknown}
 m - a scroll of teleportation {unknown}
 n - a scroll of amnesia {unknown}
Potions
 i - a potion of heal wounds {unknown}
 j - a potion of might {unknown}
 k - a potion of degeneration {unknown}
 o - a potion of invisibility {unknown}
Books
 b - a book of Changes

   Spells                             Type                      Level
   a - Beastly Appendage              Transmutation                1
   b - Sticks to Snakes               Transmutation                2
   c - Spider Form                    Transmutation/Poison         3
   d - Ice Form                       Ice/Transmutation            4
   e - Blade Hands                    Transmutation                5
Comestibles
 c - 2 bread rations
 f - 6 fruits
 g - 3 meat rations


   Skills:
 - Level 1.1 Fighting
 - Level 1.7 Dodging
 - Level 3.3 Unarmed Combat
 + Level 3.0 Spellcasting
 * Level 3.4 Transmutations


You had 3 spell levels left.
You knew the following spells:

 Your Spells              Type           Power        Failure   Level  Hunger
a - Beastly Appendage     Tmut           ##....       14%         1    #......
b - Sticks to Snakes      Tmut           ##......     21%         2    ##.....
c - Spider Form           Tmut/Pois      #.........   52%         3    ###....


Dungeon Overview and Level Annotations

Branches:
Dungeon (3/15)

Altars:
Hepliaklqana


Innate Abilities, Weirdness & Mutations

((Your plain brown scales are hard. (AC +5)))
You cannot fit into any form of body armour.
((You are cold-blooded and may be slowed by cold attacks.))


Message History

You hit the adder.
The adder is almost dead.
The adder bites you.
You are poisoned.
The adder poisons you!
You feel sick.
You kill the adder!
The orc warrior barely misses you.
There is a stone staircase leading down here.
You feel sick.
You bite the orc warrior!
The orc warrior is poisoned.
The orc warrior is moderately wounded.
The orc warrior hits you with a glaive!!
Ouch! That really hurt!
* * * LOW HITPOINT WARNING * * *
* * * LOW HITPOINT WARNING * * *
You feel sick.
The orc warrior hits you from afar with a glaive!!
Ouch! That really hurt!
You die...

########## #........#
########........#####
#...>.oo........'....
#.##s###........#####
#....###.######...###
#......[....o........
#........######...###
#....##### #####
#....# #....# #....#
#....#


You could see an orc warrior and an orc.

Vanquished Creatures
  2 adders
  A dart slug (D:3)
  2 leopard geckos
  4 orcs (D:3)
  2 ball pythons (D:3)
  3 bats (D:1)
  5 giant cockroaches
  4 goblins
  10 hobgoblins
  2 jackals (D:3)
  5 kobolds (D:3)
  A quokka (D:3)
  A frilled lizard (D:3)
  7 rats
49 creatures vanquished.

Vanquished Creatures (collateral kills)
  An orc (D:3)
1 creature vanquished.

Grand Total: 50 creatures vanquished

Notes
Turn   | Place    | Note
-------+----------+-------------------------------------------
     0 | D:1      | MydosGodOfBeginnings the Draconian Transmuter began the quest for the Orb.
     0 | D:1      | Reached XP level 1. HP: 16/16 MP: 3/3
   170 | D:1      | Reached XP level 2. HP: 20/23 MP: 3/5
   174 | D:1      | Learned a level 2 spell: Sticks to Snakes
   786 | D:2      | Found a hazy altar of Hepliaklqana.
   908 | D:2      | Reached XP level 3. HP: 22/28 MP: 4/6
   913 | D:2      | Learned a level 3 spell: Spider Form
  1740 | D:3      | Reached XP level 4. HP: 35/35 MP: 6/8
  1798 | D:3      | Noticed an orc warrior
  1908 | D:3      | Demolished by an orc warrior

Vault maps used:
D:1:      evilmike_arrival_plus
D:2:      overflow_temple_1_default

Skill      XL: |  1  2  3 |
---------------+----------+-----
Transmutations | 3 |  3.4
Spellcasting   | 3 |  3.0
Fighting       | |  1.1
Dodging        | |  1.7
Unarmed Combat | |  3.3

Action                   |  1- 3 |  4- 6 || total
-------------------------+-------+-------++-------
Melee: Unarmed           |   147 |    11 ||   158
       Kick              |     9 |     1 ||    10
       Headbutt          |    13 |       ||    13
       Tailslap          |    17 |     1 ||    18
       Punch             |     2 |       ||     2
 Cast: Beastly Appendage |    32 |     1 ||    33
       Sticks to Snakes  |     2 |       ||     2
       Spider Form       |       |     1 ||     1
 Stab: Sleeping          |     1 |       ||     1
  Eat: Chunk             |     3 |       ||     3
Armor: Skin              |    28 |     7 ||    35
Dodge: Dodged            |   102 |    24 ||   126
